[Event "45th FIDE Womens Olympiad 2024"]
[Site "Budapest"]
[Date "2024.09.15"]
[Round "5.240"]
[White "Ajbali, Ghaleyah"]
[Black "Liang, Liyun"]
[Result "1/2-1/2"]
[ECO "B22"]
[WhiteElo "1513"]
[BlackElo "1463"]
[PlyCount "86"]
[EventDate "2024.09.05"]
[EventType "team-tourn"]
[EventCountry "HUN"]
[WhiteTeam "Kuwait"]
[BlackTeam "Hong Kong, China"]
[WhiteTeamCountry "KUW"]
[TimeControl "40/5400+30:1800+30"]

1. e4 c5 2. Nf3 d6 3. c3 e6 4. d4 cxd4 5. cxd4 Nf6 6. Nbd2 Be7 7. Bd3 O-O 8. O-O Nc6 9. a3 e5 10. d5 Nb8 11. Re1 Bg4 12. h3 Bh5 13. Nf1 h6 14. Ng3 Bg6 15. Nh4 Bxe4 16. Nxe4 Nxe4 17. Rxe4 Bxh4 18. Rg4 f5 19. Rg6 Rf6 20. Qh5 Rxg6 21. Qxg6 e4 22. Be2 Qf6 23. Bh5 Nd7 24. Bf4 Qxg6 25. Bxg6 Rf8 26. Rc1 Bg5 27. Bxg5 hxg5 28. g4 fxg4 29. hxg4 Ne5 30. Bf5 Nd3 31. Rc7 Nxf2 32. Kxf2 g6 33. Rd7 gxf5 34. Rxd6 fxg4+ 35. Ke3 Rf3+ 36. Kxe4 Rb3 37. Rg6+ Kf7 38. Rxg5 Rxb2 39. Rxg4 Ke7 40. Rg7+ Kd6 41. Rg6+ Kc5 42. d6 Rd2 43. Rg7 Rxd6 1/2-1/2

[Event "45th FIDE Womens Olympiad 2024"]
[Site "Budapest"]
[Date "2024.09.15"]
[Round "5.241"]
[White "Ruddy, Rachel"]
[Black "Nahed, Galab"]
[Result "1/2-1/2"]
[ECO "B25"]
[WhiteElo "1662"]
[BlackElo "1693"]
[PlyCount "110"]
[EventDate "2024.09.05"]
[EventType "team-tourn"]
[EventCountry "HUN"]
[WhiteTeam "Jersey"]
[BlackTeam "Sudan"]
[BlackTeamCountry "SUD"]
[TimeControl "40/5400+30:1800+30"]

1. Nf3 c5 2. g3 Nf6 3. Bg2 g6 4. d3 Bg7 5. Nc3 Nc6 6. e4 d6 7. Bg5 O-O 8. O-O a6 9. a4 Be6 10. Re1 Qc7 11. Qd2 Rab8 12. Bh6 b5 13. axb5 axb5 14. Bxg7 Kxg7 15. d4 cxd4 16. Nxd4 Nxd4 17. Qxd4 Kg8 18. Ra7 Qc4 19. Qd2 Rfe8 20. Nd5 Bxd5 21. exd5 e6 22. dxe6 Rxe6 23. Rxe6 Qxe6 24. b3 d5 25. Qf4 Rc8 26. Ra2 Qe1+ 27. Bf1 Ne4 28. Kg2 b4 29. Bd3 h5 30. Ra7 Rf8 31. Re7 Qc3 32. Bxe4 dxe4 33. Qxe4 Rc8 34. Qf4 Qc6+ 35. Kg1 Qd5 36. Qxb4 Rxc2 37. Re8+ Kh7 38. h4 Rc1+ 39. Re1 Rxe1+ 40. Qxe1 Qxb3 41. Qe3 Qb7 42. Qf4 Kg7 43. Qe5+ Kg8 44. Kf1 Qd7 45. Ke2 Qg4+ 46. Ke3 Qd1 47. Qf4 Qb3+ 48. Ke4 Qe6+ 49. Kf3 Qc6+ 50. Qe4 Qf6+ 51. Qf4 Qc6+ 52. Qe4 Qf6+ 53. Kg2 Qb6 54. Qe8+ Kg7 55. Qe5+ Kg8 1/2-1/2

[Event "45th FIDE Womens Olympiad 2024"]
[Site "Budapest"]
[Date "2024.09.15"]
[Round "5.242"]
[White "Ibtihal, Osman"]
[Black "Ashbrooke, Monika"]
[Result "1-0"]
[ECO "C01"]
[WhiteElo "1626"]
[BlackElo "1650"]
[PlyCount "73"]
[EventDate "2024.09.05"]
[EventType "team-tourn"]
[EventCountry "HUN"]
[WhiteTeam "Sudan"]
[BlackTeam "Jersey"]
[WhiteTeamCountry "SUD"]
[TimeControl "40/5400+30:1800+30"]

1. e4 e6 2. Nf3 d5 3. exd5 exd5 4. d4 Bd6 5. Be3 Ne7 6. Bd3 Nbc6 7. h3 a6 8. c3 Bf5 9. O-O Qd7 10. Re1 O-O-O 11. b4 f6 12. a4 g5 13. b5 Nb8 14. bxa6 bxa6 15. Qc2 h5 16. Nh2 g4 17. h4 g3 18. fxg3 Bxg3 19. Bf2 Rhg8 20. Nf1 Bd6 21. Nbd2 Bh3 22. g3 Qg4 23. Kh1 Rg7 24. Ne3 Qd7 25. Kh2 Rdg8 26. Rg1 Kd8 27. Rab1 Nbc6 28. Bxa6 Nf5 29. Nxf5 Bxf5 30. Bd3 Bxd3 31. Qxd3 Qg4 32. Nf3 f5 33. Ne5 Bxe5 34. dxe5 Nxe5 35. Qxd5+ Nd7 36. Rb8+ Ke7 37. Re1+ 1-0

[Event "45th FIDE Womens Olympiad 2024"]
[Site "Budapest"]
[Date "2024.09.15"]
[Round "5.245"]
[White "Sosna, Mehari Abraham"]
[Black "Haile, Lidet Abate"]
[Result "0-1"]
[ECO "D02"]
[WhiteElo "1541"]
[BlackElo "1834"]
[PlyCount "80"]
[EventDate "2024.09.05"]
[EventType "team-tourn"]
[EventCountry "HUN"]
[WhiteTeam "Eritrea"]
[BlackTeam "Ethiopia"]
[WhiteTeamCountry "ERI"]
[BlackTeamCountry "ETH"]
[TimeControl "40/5400+30:1800+30"]

1. Nf3 d5 2. d4 Nf6 3. c3 Bg4 4. Qb3 Qc8 5. Bf4 e6 6. Nbd2 Nbd7 7. h3 Bf5 8. e3 Be7 9. Be2 h6 10. Bh2 b6 11. Bb5 c6 12. Be2 Qb7 13. Ne5 Nxe5 14. Bxe5 O-O 15. O-O Nd7 16. Bh2 c5 17. a4 c4 18. Qd1 Rfe8 19. b3 cxb3 20. Qxb3 a6 21. a5 b5 22. Rfc1 Qa7 23. Nf3 Rac8 24. Qd1 Nf6 25. Bd3 Bxd3 26. Qxd3 Ne4 27. Ne5 Bd6 28. f3 Nf6 29. Kh1 Qc7 30. g4 Nh7 31. f4 Nf6 32. Ra2 Ne4 33. Nf3 Qc4 34. Qxc4 Rxc4 35. Ne5 Bxe5 36. fxe5 Nxc3 37. Rac2 Rec8 38. Bg1 Ne4 39. Rxc4 Rxc4 40. Rxc4 bxc4 {0-} 0-1

[Event "45th FIDE Womens Olympiad 2024"]
[Site "Budapest"]
[Date "2024.09.15"]
[Round "5.246"]
[White "Bantiwalu, Aster Melake"]
[Black "Besrat, Mesgena Yoseph"]
[Result "1-0"]
[ECO "C50"]
[WhiteElo "1704"]
[BlackElo "1557"]
[PlyCount "109"]
[EventDate "2024.09.05"]
[EventType "team-tourn"]
[EventCountry "HUN"]
[WhiteTeam "Ethiopia"]
[BlackTeam "Eritrea"]
[WhiteTeamCountry "ETH"]
[BlackTeamCountry "ERI"]
[TimeControl "40/5400+30:1800+30"]

1. e4 e5 2. Nf3 Nc6 3. Bc4 Nf6 4. Nc3 Bc5 5. d3 O-O 6. Bg5 h6 7. Bh4 Be7 8. O-O Nxe4 9. Bxe7 Nxc3 10. Bxd8 Nxd1 11. Bxc7 Nxb2 12. Bb3 b5 13. Bd5 a6 14. Nxe5 Bb7 15. Nxd7 Rfc8 16. Nc5 Rxc7 17. Nxb7 Re8 18. Rfe1 Rxe1+ 19. Rxe1 Nb4 20. Re8+ Kh7 21. Be4+ g6 22. a3 Rxc2 23. g3 N4xd3 24. Ra8 f5 25. Bxd3 Nxd3 26. Rxa6 g5 27. Nd6 g4 28. Kf1 Rxf2+ 29. Kg1 Rb2 30. Nxf5 h5 31. Rh6+ Kg8 32. Rxh5 Kf7 33. Nd6+ Kg6 34. Rxb5 Rxb5 35. Nxb5 Nc5 36. Kf2 Kf5 37. Ke3 Ke5 38. Nc3 Nb3 39. a4 Na5 40. Kd3 Kf5 41. Kd4 Nc6+ 42. Kc5 Nb8 43. a5 Ke5 44. Nd5 Ke4 45. Nf6+ Kf3 46. Kb6 Kg2 47. Nxg4 Nd7+ 48. Kc6 Nb8+ 49. Kb7 Nd7 50. a6 Nc5+ 51. Kb6 Nxa6 52. Kxa6 Kh3 53. Nf6 Kxh2 54. g4 Kg3 55. g5 1-0

[Event "45th FIDE Womens Olympiad 2024"]
[Site "Budapest"]
[Date "2024.09.15"]
[Round "5.247"]
[White "Elshalom, Essayas Berhane"]
[Black "Abera, Mekdes Demssie"]
[Result "1/2-1/2"]
[ECO "B23"]
[WhiteElo "1659"]
[BlackElo "1593"]
[PlyCount "98"]
[EventDate "2024.09.05"]
[EventType "team-tourn"]
[EventCountry "HUN"]
[WhiteTeam "Eritrea"]
[BlackTeam "Ethiopia"]
[WhiteTeamCountry "ERI"]
[BlackTeamCountry "ETH"]
[TimeControl "40/5400+30:1800+30"]

1. e4 c5 2. Nc3 d6 3. f4 Nc6 4. Bb5 Bd7 5. Bxc6 Bxc6 6. Nf3 e6 7. d3 g6 8. O-O Bg7 9. f5 Nf6 10. Qe1 e5 11. Bg5 gxf5 12. exf5 Qd7 13. Nd2 h6 14. Bh4 O-O-O 15. Nde4 Rdg8 16. Nxf6 Bxf6 17. Ne4 Bxe4 18. dxe4 Bg5 19. Bf2 Rg7 20. Rd1 b6 21. Bg3 Bf6 22. Rf2 Rd8 23. Rfd2 Qc6 24. Qe2 Kc7 25. Rd5 b5 26. c4 a6 27. Qd3 Rgg8 28. Be1 b4 29. a3 a5 30. a4 Be7 31. b3 f6 32. Qh3 Rh8 33. Qh5 Qe8 34. Qxe8 Rdxe8 35. Bf2 Rhg8 36. h3 Rg7 37. Kh2 Reg8 38. Rg1 h5 39. Rd3 Rg5 40. Rg3 Kd7 41. Rd1 Ke8 42. Rdd3 Kf7 43. Rdf3 h4 44. Rxg5 fxg5 45. g4 hxg3+ 46. Rxg3 Bf6 47. Rg4 Rh8 48. Be3 Rh5 49. Bf2 Kg7 1/2-1/2

[Event "45th FIDE Womens Olympiad 2024"]
[Site "Budapest"]
[Date "2024.09.15"]
[Round "5.249"]
[White "Vilhete, Vania Fausto Da T."]
[Black "Acham, Meritza"]
[Result "1-0"]
[ECO "D05"]
[WhiteElo "1877"]
[BlackElo "1667"]
[PlyCount "119"]
[EventDate "2024.09.05"]
[EventType "team-tourn"]
[EventCountry "HUN"]
[WhiteTeam "Mozambique"]
[BlackTeam "Mauritius"]
[WhiteTeamCountry "MOZ"]
[BlackTeamCountry "MRI"]
[TimeControl "40/5400+30:1800+30"]

1. d4 Nf6 2. c4 e6 3. Nf3 d5 4. e3 Be7 5. Bd3 b6 6. O-O O-O 7. Nbd2 Bb7 8. b3 Nbd7 9. Bb2 Ne4 10. cxd5 exd5 11. Rc1 Bf6 12. Qc2 Nxd2 13. Nxd2 c5 14. Bxh7+ Kh8 15. Bf5 Rc8 16. Qd1 g6 17. Bg4 Kg7 18. Nf3 Rc7 19. Qd2 Re8 20. Rfd1 Nf8 21. dxc5 bxc5 22. Ba3 Re4 23. Bh3 Qd6 24. Qa5 Qb6 25. Qd2 Ne6 26. Bb2 d4 27. exd4 Nxd4 28. Nxd4 Bxd4 29. Bxd4+ Rxd4 30. Qc3 Re7 31. Rd2 Qd6 32. f3 Kg8 33. Rcd1 Rxd2 34. Qxd2 Qe5 35. Kf2 Qc7 36. Qd8+ Qxd8 37. Rxd8+ Kg7 38. Rd7 Rxd7 39. Bxd7 Kf6 40. Ke3 Ke7 41. Bb5 f6 42. h4 Kd6 43. Kf4 Bc8 44. Bd3 Ke7 45. Bxg6 Kf8 46. Bf5 Ba6 47. Be6 Kg7 48. g4 Bd3 49. a4 a5 50. Bf5 Ba6 51. Ke3 Bb7 52. f4 Bd5 53. Bc2 Be6 54. f5 Bf7 55. Kf4 Bd5 56. g5 c4 57. bxc4 Bxc4 58. Ke4 Be2 59. Kd4 Ba6 60. Kc5 1-0

[Event "45th FIDE Womens Olympiad 2024"]
[Site "Budapest"]
[Date "2024.09.15"]
[Round "5.251"]
[White "Castro, Neusa Aridas De"]
[Black "Beekhy, Aamirah"]
[Result "1-0"]
[ECO "B50"]
[WhiteElo "1684"]
[BlackElo "1600"]
[PlyCount "157"]
[EventDate "2024.09.05"]
[EventType "team-tourn"]
[EventCountry "HUN"]
[WhiteTeam "Mozambique"]
[BlackTeam "Mauritius"]
[WhiteTeamCountry "MOZ"]
[BlackTeamCountry "MRI"]
[TimeControl "40/5400+30:1800+30"]

1. e4 c5 2. Nf3 d6 3. c3 Nf6 4. Bd3 a6 5. Bc2 Nc6 6. d3 e6 7. Bg5 Be7 8. O-O O-O 9. Re1 Qb6 10. b3 Qc7 11. Nbd2 b5 12. Rc1 Bb7 13. Nf1 Rac8 14. Bb1 Qd7 15. Ng3 Rfd8 16. Qe2 Qe8 17. Red1 h6 18. Be3 Ba8 19. h3 Kh8 20. Nh2 Ne5 21. Nh5 Qf8 22. Nxf6 Bxf6 23. f4 Ng6 24. Qg4 Bc6 25. f5 exf5 26. Qxf5 Bd7 27. Qh5 Re8 28. Rf1 Re5 29. Qf3 Rce8 30. Bxh6 Bg5 31. Bxg5 Rxg5 32. Kh1 Ne5 33. Qf4 Rg6 34. Qe3 Rh6 35. d4 cxd4 36. cxd4 Ng6 37. Qg3 Qe7 38. Rf2 Rf8 39. Rcf1 Kg8 40. e5 dxe5 41. Bxg6 Rxg6 42. Qxe5 Qxe5 43. dxe5 Re6 44. Re1 f6 45. Rfe2 Rfe8 46. Nf3 Bc6 47. Nd4 Bd5 48. Nxe6 Rxe6 49. exf6 Rxf6 50. Re5 Bb7 51. Kg1 Rf7 52. Re8+ Rf8 53. R8e6 Rf7 54. Rb6 Rd7 55. Kf2 Kf7 56. Rbe6 Bc8 57. R6e3 Bb7 58. h4 Bc6 59. R1e2 Bb7 60. g4 g6 61. Kg3 Bc8 62. Rf2+ Kg7 63. g5 Rc7 64. Rfe2 Kf7 65. b4 Bb7 66. a3 Bd5 67. Re5 Bc4 68. Rf2+ Kg7 69. Rc5 Rd7 70. Rf3 Be2 71. Re3 Bc4 72. Rce5 Kf7 73. Re8 Ra7 74. Kf4 Bd5 75. Rc8 Bc4 76. Rc6 Bd5 77. Rf6+ Kg7 78. Rd3 Bc4 79. Rdd6 1-0

[Event "45th FIDE Womens Olympiad 2024"]
[Site "Budapest"]
[Date "2024.09.15"]
[Round "5.253"]
[White "Nomcebo, Sibisi"]
[Black "Karelina, Polina"]
[Result "0-1"]
[ECO "E62"]
[WhiteElo "1570"]
[BlackElo "1898"]
[PlyCount "58"]
[EventDate "2024.09.05"]
[EventType "team-tourn"]
[EventCountry "HUN"]
[WhiteTeam "Eswatini"]
[BlackTeam "Bahamas"]
[BlackTeamCountry "BAH"]
[TimeControl "40/5400+30:1800+30"]

1. d4 Nf6 2. c4 g6 3. Nf3 Bg7 4. Nc3 O-O 5. g3 d6 6. Bg2 Nc6 7. O-O e5 8. d5 Ne7 9. e4 h6 10. Be3 Ng4 11. Bc1 f5 12. h3 Nf6 13. Qc2 Nh7 14. Nh4 f4 15. Ne2 g5 16. Nf3 h5 17. Nh2 Ng6 18. Bd2 g4 19. hxg4 hxg4 20. f3 fxg3 21. Nxg4 Bxg4 22. fxg4 Qh4 23. Rf5 Qh2+ 24. Kf1 Nh4 25. Nxg3 Qxg2+ 26. Ke1 Qxg3+ 27. Ke2 Rxf5 28. gxf5 Qf3+ 29. Ke1 Ng2# {0-} 0-1

[Event "45th FIDE Womens Olympiad 2024"]
[Site "Budapest"]
[Date "2024.09.15"]
[Round "5.254"]
[White "Thomas, Nelissa"]
[Black "Nkwanyane, Nolwazi"]
[Result "0-1"]
[ECO "B23"]
[WhiteElo "1631"]
[BlackElo "1542"]
[PlyCount "50"]
[EventDate "2024.09.05"]
[EventType "team-tourn"]
[EventCountry "HUN"]
[WhiteTeam "Bahamas"]
[BlackTeam "Eswatini"]
[WhiteTeamCountry "BAH"]
[TimeControl "40/5400+30:1800+30"]

1. e4 c5 2. Nc3 Nc6 3. Bc4 Nf6 4. d3 g6 5. f4 d6 6. Nge2 e6 7. O-O Bg7 8. Ng3 O-O 9. f5 d5 10. Bb3 d4 11. Nce2 Na5 12. Bg5 Nxb3 13. axb3 h6 14. Bxf6 Bxf6 15. fxg6 fxg6 16. Nf4 Kh7 17. Qe2 Bg5 18. Nh3 Be3+ 19. Kh1 e5 20. Rxf8 Qxf8 21. Rf1 Qe7 22. Nf2 Qh4 23. Qf3 Bf4 24. Kg1 Be6 25. Nfh1 Bg4 {0-} 0-1

[Event "45th FIDE Womens Olympiad 2024"]
[Site "Budapest"]
[Date "2024.09.15"]
[Round "5.255"]
[White "Dlamini, Sincobile"]
[Black "Johnson, Daijah"]
[Result "1/2-1/2"]
[ECO "A48"]
[WhiteElo "1572"]
[BlackElo "1624"]
[PlyCount "80"]
[EventDate "2024.09.05"]
[EventType "team-tourn"]
[EventCountry "HUN"]
[WhiteTeam "Eswatini"]
[BlackTeam "Bahamas"]
[BlackTeamCountry "BAH"]
[TimeControl "40/5400+30:1800+30"]

1. d4 Nf6 2. Bf4 g6 3. e3 Bg7 4. Nf3 d6 5. Nbd2 O-O 6. h3 Nbd7 7. Bd3 Re8 8. Bh2 e5 9. dxe5 dxe5 10. e4 h6 11. O-O Nh7 12. c3 c6 13. Qc2 Nc5 14. Bc4 b5 15. Bb3 Nxb3 16. Qxb3 Be6 17. Qc2 Ng5 18. Rad1 Nxf3+ 19. Nxf3 Qc7 20. Nd4 Qb6 21. Nxe6 Rxe6 22. Rd7 Rd8 23. Rfd1 Rxd7 24. Rxd7 c5 25. Qd3 Bf8 26. Qf3 Rf6 27. Qd1 Rd6 28. Rxd6 Qxd6 29. Qxd6 Bxd6 30. Kf1 Kf8 31. Ke2 Ke7 32. b3 Ke6 33. f3 f6 34. Bg1 a6 35. c4 b4 36. Be3 g5 37. g4 a5 38. Kd3 Be7 39. Bf2 Bd6 40. h4 Be7 1/2-1/2